 Dungeon Crawl Stone Soup version 0.26-a0-863-g3bff4b215c (webtiles) character file.

Game seed: 4468042878894105472

178 lunkers the Grave Robber (level 5, 0/35 HPs)
             Began as a Demonspawn Necromancer on Nov 25, 2020.
             Was an Initiate of Ashenzari.
             Slain by a lemure (7 damage)
             ... led by Pikel
             ... on level 3 of the Dungeon.
             The game lasted 00:07:28 (3698 turns).

lunkers the Grave Robber (Demonspawn Necromancer)   Turns: 3698, Time: 00:07:28

Health: 0/35       AC:  4    Str:  9    XL:     5   Next: 32%
Magic:  9/9        EV: 14    Int: 23    God:    Ashenzari [......]
Gold:   307        SH:  4    Dex: 13    Spells: 2/10 levels left

rFire    . . .     SeeInvis .   w - +2 flail (protect)
rCold    . . .     Faith    .   b - +0 buckler
rNeg     . . .     Spirit   .   q - -1 robe (curse)
rPois    .         Reflect  .   p - +1 helmet
rElec    .         Harm     .   k - +0 cloak
rCorr    +         Rampage  .   (no gloves)
MR       .....                  (no boots)
Stlth    ++........             e - amulet of inaccuracy (curse)
HPRegen  0.11/turn              d - +6 ring of intelligence
MPRegen  0.11/turn              y - ring of resist corrosion

@: no status effects
A: repulsion field 1, powered by death 1
a: Curse Item, Renounce Religion


You were on level 3 of the Dungeon.
You worshipped Ashenzari.
Ashenzari was noncommittal.
You visited 1 branch of the dungeon, and saw 4 of its levels.

You collected 307 gold pieces.

Inventory:

Hand Weapons
 f - a +0 spear
 w - a +2 flail of protection (weapon)
Missiles
 c - 33 poisoned darts (quivered)
 j - 6 atropa-tipped darts {=f}
Armour
 a - a +0 robe
 b - a +0 buckler (worn)
 k - a +0 cloak (worn)
 p - a +1 helmet (worn)
 q - a cursed -1 robe (worn)
Jewellery
 d - a +6 ring of intelligence (left hand)
 e - a cursed amulet of inaccuracy (around neck)
 y - a ring of resist corrosion (right hand)
Scrolls
 i - a scroll of teleportation {unknown}
 m - a scroll of immolation {unknown}
 r - a scroll of enchant weapon
 s - a scroll of fear {unknown}
 t - a scroll of noise {unknown}
 x - a scroll of magic mapping {unknown}
Potions
 g - 3 potions of might
 h - 2 potions of berserk rage
 l - 2 potions of heal wounds
 n - a potion of magic
 o - a potion of attraction
 u - a potion of resistance {unknown}
 v - a potion of brilliance {unknown}
 z - a potion of curing {unknown}


   Skills:
 + Level 0.0 Fighting
 + Level 0.0 Maces & Flails
 - Level 1.7 Dodging
 - Level 1.7 Stealth
 + Level 1.6 Shields
 + Level 3.1 Spellcasting
 * Level 6.2 Necromancy


You had 2 spell levels left.
You knew the following spells:

 Your Spells              Type           Power        Failure   Level
a - Pain                  Necr           ####         1%          1
b - Vampiric Draining     Necr           ####......   3%          3
c - Animate Dead          Necr           ####......   12%         4

Your spell library contained the following spells:

 Spells                   Type           Power        Failure   Level
 Animate Skeleton         Necr           ####..       1%          1
 Agony                    Necr           ####....     32%         5


Dungeon Overview and Level Annotations

Branches:
Dungeon (4/15)
 Temple: D:4-7

Altars:
Ashenzari
Gozag

Annotations:
D:4 Pikel


Innate Abilities, Weirdness & Mutations

You are surrounded by a mild repulsion field. (EV +2)
You regenerate a little health from kills.


Message History

The lemure is moderately wounded.
The lemure barely misses you.
Unknown command.
You closely miss the lemure.
The lemure is moderately wounded.
The lemure hits you but does no damage. You block the lemure's attack.
Unknown command.
You miss the lemure.
The lemure is moderately wounded.
The lemure hits you.
* * * LOW HITPOINT WARNING * * *
You closely miss the lemure.
The lemure is moderately wounded.
The lemure closely misses you. The lemure hits you.
* * * LOW HITPOINT WARNING * * *
Unknown command.
You closely miss the lemure.
The lemure is moderately wounded.
The lemure hits you!
You die...

......######................#
...#........................#
..#..##.....................#####
..#..##.###.....)...........##...
.....##.# #........##............
........###.......###...)........
....#.......###.#####............
รท#....##.######.###..............
....##.....#....@5..#............
.......###.#...######............
##...### #...### #............
###....# #...# ##...........
#.....###...# ##.....##...
##..#...##[#.# ##)########
...........#.###########.#
.#................#...##.#
...........##............#


You could see a lemure.

Vanquished Creatures
  8 adders
  2 worms
  5 dart slugs
  2 leopard geckos (D:3)
  6 orcs (D:3)
  10 bats
  A giant cockroach (D:3)
  11 goblins
  12 hobgoblins
  A ball python (D:3)
  5 frilled lizards
  9 kobolds
  A quokka skeleton (D:3)
  9 rats
82 creatures vanquished.

Notes
Turn   | Place    | Note
-------+----------+-------------------------------------------
     0 | D:1      | lunkers the Demonspawn Necromancer began the quest for the
                  | Orb.
     0 | D:1      | Reached XP level 1. HP: 13/13 MP: 3/3
   198 | D:1      | Gained mutation: You are surrounded by a mild repulsion
                  | field. (EV +2) [demonic ancestry]
   198 | D:1      | Reached XP level 2. HP: 18/19 MP: 3/5
   595 | D:1      | Reached skill level 5 in Necromancy
  1218 | D:2      | Reached XP level 3. HP: 22/24 MP: 3/6
  1585 | D:2      | Found a faded altar of an unknown god.
  2031 | D:2      | Gained mutation: You regenerate a little health from kills.
                  | [demonic ancestry]
  2031 | D:2      | Reached XP level 4. HP: 28/30 MP: 5/8
  2139 | D:2      | Reached skill level 1 in Shields
  2237 | D:2      | Found a broken altar of Ashenzari.
  2306 | D:2      | Became a worshipper of Ashenzari the Shackled
  2354 | D:3      | Learned a level 3 spell: Vampiric Draining
  2431 | D:3      | Learned a level 4 spell: Animate Dead
  2865 | D:3      | Reached skill level 6 in Necromancy
  2868 | D:3      | Reached XP level 5. HP: 29/35 MP: 1/9
  3408 | D:3      | Found an opulent altar of Gozag.
  3634 | D:4      | Noticed a lemure
  3634 | D:4      | Noticed a lemure
  3634 | D:4      | Noticed Pikel
  3698 | D:3      | Slain by a lemure

Illustrated notes

Levels and vault maps discovered:
D:1:      scummos_arrival_checkerplants, layout_basic, minmay_pentomino_s4
D:2:      layout_basic, ashenzari_altar_1, chequers_ecumenical_altar_simple
D:3:      layout_rooms, lemuel_coloured_pillars_altar
D:4:      layout_rooms, ebering_ghost_reflecting_pool,
          chequers_serial_rivers_micro_e, uniq_pikel

Skill      XL: |  1  2  3  4 |
---------------+-------------+-----
Necromancy     | 5 6 |  6.2
Shields        | 1 |  1.6
Spellcasting   | 3 |  3.1
Dodging        | |  1.7
Stealth        | |  1.7

Action                   |  1- 3 |  4- 6 || total
-------------------------+-------+-------++-------
Melee: Spear             |     5 |    11 ||    16
       Flail             |       |    21 ||    21
Throw: Dart              |     1 |       ||     1
 Cast: Pain              |    64 |    79 ||   143
  Use: Scroll            |     1 |     6 ||     7
Armor: Robe              |       |    10 ||    10
Dodge: Dodged            |     8 |    27 ||    35
Block: Buckler           |     2 |    12 ||    14

Table legend: (Time is in decaauts)
 A = Elapsed time spent in this place.
 B = Non-inter-level travel time spent in this place.
 C = Inter-level travel time spent in this place.
 D = Time resting spent in this place.
 E = Time spent auto-exploring this place.
 F = Levels seen in this place.
 G = Mean time per level.
                   A        B        C        D        E       F      G
               +--------+--------+--------+--------+--------+-----+--------+
         Total |   3706 |   3615 |     91 |      0 |   2988 |   4 |  926.5 |
       Dungeon |   3706 |   3615 |     91 |      0 |   2988 |   4 |  926.5 |
               +--------+--------+--------+--------+--------+-----+--------+

Top non-repeatable levels by time:
     D:3: 1271 daAuts
     D:1: 1212 daAuts
     D:2: 1117 daAuts
     D:4: 105 daAuts
